Map: Golden Wall LE

Players

liquidthermy (uThermal) - Winner!

  • Race: Terran Terran
  • Spawn Location: 5:00

Neeblet (Neeb)

  • Race: Protoss Protoss
  • Spawn Location: 7:00

Event: StayAtHomestory Cup #2

VOD

Have the link to the VOD?

Description

Time

  • Played on: June 12, 2020, 12:14 p.m.
  • Length: 11:16

All games in this series

Show
View Real Time Build Order
Export as new Build Order

liquidthermy Terran - Winner!

Build Orders: Reaper Expand 

Get SALT Encoding   

  12  0:01  SCV  
  13  0:13  SCV  
  14  0:17  Supply Depot  
  14  0:25  SCV  
  15  0:38  SCV  
  15  0:40  Barracks  
  16  0:43  Refinery  
  16  0:50  SCV  
  17  1:02  SCV  
  18  1:15  SCV  
  19  1:26  Reaper  
  19  1:27  Orbital Command  
  20  1:43  Command Center  
  20  1:50  Supply Depot  
  20  1:53  SCV  
  21  1:58  Marine  
  22  2:05  SCV  
  23  2:09  Factory  
  23  2:17  SCV, Bunker  
  23  2:20  Barracks Reactor  
  24  2:29  SCV  
  25  2:31  Refinery  
  25  2:41  SCV  
  25  2:54  SCV  
  25  2:56  Starport  
  25  2:57  Hellion  
  29  2:58  Orbital Command  
  29  3:00  Marine  
  29  3:01  Marine  
  30  3:06  SCV  
  31  3:17  Marine  
  31  3:18  SCV, Widow Mine  
  31  3:19  Marine  
  36  3:24  SCV  
  37  3:32  Armory  
  37  3:34  SCV  
  37  3:35  Marine  
  37  3:36  SCV  
  37  3:37  Marine  
  37  3:40  Medivac  
  43  3:44  Widow Mine  
  43  3:47  Supply Depot  
  45  3:49  SCV  
  46  4:08  Engineering Bay  
  46  4:09  SCV x2  
  46  4:10  Supply Depot  
  46  4:15  Barracks Tech Lab  
  46  4:18  Widow Mine x2, Medivac  
  46  4:21  SCV x2  
  54  4:25  Supply Depot  
  54  4:33  SCV x2  
  54  4:35  Missile Turret  
  56  4:39  Widow Mine x2  
  56  4:42  Marine  
  56  4:43  Stimpack  
  56  4:45  SCV  
  62  4:48  Supply Depot  
  62  4:53  SCV  
  62  4:57  SCV  
  64  5:02  Widow Mine  
  64  5:03  Widow Mine  
  64  5:05  SCV  
  64  5:10  Marauder  
  64  5:13  Viking  
  68  5:15  SCV  
  68  5:18  SCV  
  67  5:24  Widow Mine x2  
  67  5:27  SCV  
  70  5:30  SCV  
  70  5:35  Marine  
  68  5:39  SCV  
  68  5:42  SCV  
  63  5:51  SCV  
  63  5:54  SCV, Marauder  
  67  6:03  SCV  
  64  6:06  SCV, Medivac  
  63  6:15  SCV  
  63  6:16  Command Center  
  63  6:17  Marauder  
  66  6:28  Barracks, SCV x2  
  66  6:29  Barracks  
  66  6:31  Combat Shield  
  66  6:39  Marauder  
  68  6:40  SCV  
  68  6:42  Refinery  
  68  6:44  Refinery  
  68  6:45  Starport Reactor, Factory Tech Lab  
  69  6:47  SCV  
  69  6:52  SCV  
  71  6:55  Engineering Bay  
  71  6:59  SCV  
  72  7:04  SCV  
  71  7:10  Marauder  
  71  7:11  SCV  
  71  7:15  Marine x2  
  70  7:16  SCV  
  70  7:22  Barracks  
  67  7:23  Barracks, SCV  
  67  7:25  Terran Infantry Armor Level 1, Terran Infantry Weapons Level 1  
  67  7:28  SCV  
  69  7:34  Marine, Marauder x2  
  69  7:35  SCV  
  75  7:40  SCV  
  76  7:44  Missile Turret, Medivac  
  76  7:48  SCV  
  76  7:49  Medivac  
  81  7:53  SCV, Concussive Shells  
  81  7:54  Marine  
  81  7:55  Marine  
  84  8:00  SCV  
  84  8:02  Orbital Command  
  84  8:04  Marine  
  84  8:06  SCV  
  84  8:07  Marine  
  84  8:11  Barracks Tech Lab  
  84  8:12  Barracks Tech Lab  
  84  8:14  SCV  
  84  8:17  Supply Depot  
  84  8:19  Medivac  
  87  8:22  Medivac  
  87  8:23  Marauder  
  91  8:27  Marauder  
  93  8:34  Supply Depot  
  93  8:35  Supply Depot  
  93  8:38  SCV x3, Marine  
  93  8:39  Marauder  
  99  8:42  Marine x2  
  99  8:43  Supply Depot  
  101  8:53  Supply Depot  
  101  8:54  Sensor Tower  
  101  8:55  Marine x2  
  101  8:56  SCV x2  
  101  8:57  Medivac x2  
  101  9:01  SCV, Ghost Academy  
  110  9:06  Marine x2  
  110  9:07  Marine  
  110  9:08  SCV  
  114  9:11  Marauder  
  114  9:15  Marine, Marauder  
  118  9:24  Marine x2  
  118  9:27  Viking, Marine, Medivac  
  121  9:34  Marine, Marauder  
  121  9:36  Marauder  
  126  9:42  Marine  
  118  9:48  Marine, Marauder  
  114  9:55  Marine, Marauder  
  114  9:58  Marine  
  114  9:59  Marine  
  105  10:03  Viking  
  105  10:06  Marine  
  103  10:13  Marauder  
  102  10:16  Ghost x2  
  102  10:17  Marauder  
  102  10:19  Marine  
  107  10:26  Viking  
  107  10:27  Marine  
  107  10:34  Viking  
  107  10:35  Marauder  
  110  10:37  Marine  
  110  10:38  Marauder  
  110  10:40  Orbital Command  
  113  10:45  Marine x2  
  113  10:46  Marauder  
  115  10:55  Marine  
  115  10:56  Marine  
Show
View Real Time Build Order
Export as new Build Order

Neeblet Protoss 

Build Orders: 1 Gate Expand 

Get SALT Encoding   

  12  0:00  Probe  
  13  0:13  Probe  
  14  0:18  Pylon  
  14  0:25  Probe  
  15  0:36  Probe  
  15  0:37  Gateway  
  16  0:45  Probe, Assimilator  
  17  0:55  Probe  
  18  1:07  Probe  
  19  1:19  Probe  
  20  1:27  Cybernetics Core  
  20  1:37  Nexus  
  20  1:40  Probe  
  21  1:47  Pylon  
  21  1:52  Probe  
  22  1:55  Adept, Assimilator  
  22  2:06  Probe  
  22  2:08  Warp Gate  
  25  2:16  Stalker  
  25  2:18  Probe  
  25  2:21  Shield Battery  
  27  2:30  Probe  
  28  2:42  Probe  
  29  2:46  Probe, Stalker  
  32  2:54  Probe x2  
  32  2:58  Robotics Facility  
  34  3:03  Probe  
  34  3:06  Probe  
  36  3:15  Probe  
  36  3:16  Sentry  
  36  3:18  Probe  
  40  3:24  Pylon  
  40  3:27  Probe  
  40  3:30  Probe  
  42  3:35  Probe  
  43  3:42  Probe, Warp Prism  
  43  3:43  Probe  
  47  3:54  Probe x2  
  48  4:06  Probe, Stalker  
  48  4:07  Probe  
  48  4:08  Gateway  
  52  4:10  Gateway  
  52  4:13  Observer  
  52  4:18  Probe  
  52  4:21  Assimilator  
  52  4:23  Pylon, Assimilator  
  54  4:26  Pylon  
  54  4:34  Pylon  
  54  4:38  Observer  
  54  4:41  Probe x2  
  54  4:43  Robotics Bay  
  57  4:49  Stalker  
  59  4:53  Immortal  
  59  4:54  Probe x2  
  59  4:57  Forge  
  65  5:06  Probe  
  61  5:09  Probe  
  61  5:12  Stalker x2  
  66  5:15  Stalker  
  66  5:18  Probe  
  64  5:22  Probe  
  65  5:30  Probe  
  65  5:31  Probe  
  64  5:38  Stalker  
  59  5:43  Probe x2  
  61  5:50  Observer  
  61  5:51  Probe  
  61  5:55  Probe  
  63  6:00  Probe  
  58  6:05  Observer  
  58  6:07  Probe  
  53  6:12  Probe  
  54  6:18  Stalker  
  54  6:19  Probe, Stalker  
  54  6:21  Extended Thermal Lance  
  54  6:24  Probe  
  60  6:27  Colossus  
  60  6:31  Probe  
  61  6:36  Probe  
  68  6:43  Probe  
  68  6:44  Protoss Ground Weapons Level 1  
  69  6:49  Sentry x2  
  69  6:51  Sentry  
  75  7:00  Pylon  
  75  7:06  Probe  
  76  7:11  Colossus, Probe  
  75  7:19  Probe  
  77  7:25  Probe  
  78  7:33  Gateway  
  78  7:39  Gateway  
  78  7:52  Gateway  
  78  7:53  Gateway  
  78  7:57  Warp Prism  
  77  7:59  Gateway  
  77  8:02  Gateway  
  79  8:16  Sentry x3, Observer  
  85  8:28  Pylon x2  
  85  8:35  Observer  
  85  8:38  Protoss Ground Armor Level 1  
  85  8:47  Stalker  
  85  8:48  Stalker  
  89  8:51  Nexus  
  89  9:00  Sentry x2, Stalker x3  
  99  9:17  Sentry  
  101  9:28  Zealot  
  101  9:32  Cybernetics Core  
  101  9:38  Pylon x2  
  81  10:00  Zealot  
  81  10:01  Zealot x8  
  97  10:14  Observer  
  97  10:29  Stalker x2  
  97  10:30  Stalker x7  
  97  10:34  Pylon  
  57  11:11  Sentry x2  
  57  11:12  Stalker x4  
Tags
 
Add a new tag
Caveats
  • Supply blocks, unpowered buildings, or Contaminate may cause inaccurate times.
  • Supply counts are checked every 10 seconds.